 Dungeon Crawl Stone Soup version 0.29-a0-553-g81b289dbe5 (webtiles) character file.

Game seed: 7314955407607485957

161836 spaghetti the Entrepreneur (level 17, -21/133 HPs)
             Began as a Gnoll Wanderer on June 6, 2022.
             Was an Initiate of Gozag.
             Demolished by a +5 battleaxe of flaming (29 damage)
             ... animated by a shadow demon
             ... summoned by a deep elf demonologist
             ... on level 3 of the Elven Halls.
             The game lasted 01:04:34 (30755 turns).

spaghetti the Entrepreneur (Gnoll Wanderer)        Turns: 30755, Time: 01:04:35

Health: -21/133    AC: 34    Str: 26    XL:     17   Next: 79%
Magic:  0/61       EV: 12    Int: 22    God:    Gozag
Gold:   172        SH: 22    Dex: 31    Spells: 40/40 levels left

rFire   . . .      SeeInvis +   U - +10 morningstar "Eos" {elec, Halo rElec, mace}
rCold   x . .      Faith    .   g - +0 tower shield
rNeg    . . .      Spirit   +   A - +0 crystal plate armour {rare=g}
rPois   +          Reflect  .   l - +3 hat of Pondering {ponderous, Will+ MP+10 Int+5}
rElec   +          Harm     .   p - +2 cloak "Dualidghu" {MP+9 Str+3 Int-5}
rCorr   .          Rampage  .   M - +2 pair of gloves {hurl}
Will    ++...      Rage     1%  m - +1 pair of boots "Faotaet" {-Tele MP+9 Int+9}
Stlth   .......... NoTele   +   a - amulet of guardian spirit
HPRegen 0.32/turn               R - ring "Lohois" {rPois rC- Int+4 Dex+6}
MPRegen 0.37/turn               O - ring "Siuprys" {*Slow Str+6 Dex+8 Slay+3 SInv}

@: mighty, brilliant, gold aura, on berserk cooldown, glowing, slow
A: fangs 1, strong nose, distributed training, antennae 1, agile 1, berserk 1,
weak 1, MP-powered wands
a: Renounce Religion, Potion Petition, Call Merchant, Bribe Branch


You were on level 3 of the Elven Halls.
You worshipped Gozag.
Gozag was aware of your devotion.
You visited 5 branches of the dungeon, and saw 27 of its levels.
You also visited: Bailey.

You collected 11333 gold pieces.
You spent 3485 gold pieces at shops.
You paid 7676 gold pieces to Gozag.


Innate Abilities, Weirdness & Mutations

You have very sharp teeth.
Your uncanny sense of smell can sniff out nearby items.
Your experience applies equally to all skills.
You have a pair of small antennae on your head.
You are agile. (Dex +2)
You tend to lose your temper in combat.
You are weak. (Str -2)
You expend magic power (3 MP) to strengthen your wands.


   Skills:
 + Level 12.2 Fighting
 + Level 11.9 Short Blades
 + Level 11.9 Long Blades
 + Level 11.9 Axes
 + Level 11.9 Maces & Flails
 + Level 11.9 Polearms
 + Level 11.9 Staves
 + Level 11.9 Slings
 + Level 12.7 Bows
 + Level 11.9 Crossbows
 + Level 11.9 Throwing
 + Level 12.7 Armour
 + Level 11.9 Dodging
 + Level 11.9 Stealth
 + Level 11.9 Shields
 + Level 12.7 Unarmed Combat
 + Level 12.2 Spellcasting
 + Level 10.1 Conjurations
 + Level 10.1 Hexes
 + Level 10.1 Summonings
 + Level 10.1 Necromancy
 + Level 10.1 Translocations
 + Level 10.1 Transmutations
 + Level 10.1 Fire Magic
 + Level 10.1 Ice Magic
 + Level 10.1 Air Magic
 + Level 10.1 Earth Magic
 + Level 10.1 Poison Magic
 + Level 12.9 Invocations
 + Level 12.7 Evocations


You had 40 spell levels left.
You didn't know any spells.
Your spell library contained the following spells:

 Spells                   Type           Power      Damage    Failure   Level
 Apportation              Tloc           100%       N/A       12%         1
 Magic Dart               Conj           100%       1d8       12%         1
 Necrotize                Necr           100%       1d9       12%         1
 Sandblast                Erth           100%       2d20      12%         1
 Summon Small Mammal      Summ           100%       N/A       12%         1
 Ensorcelled Hibernation  Hex/Ice        100%       N/A       17%         2
 Passwall                 Tmut/Erth      60%        N/A       17%         2
 Poisonous Vapours        Pois/Air       100%       N/A       17%         2
 Searing Ray              Conj           100%       2d8       17%         2
 Static Discharge         Conj/Air       72%        N/A       17%         2
 Call Canine Familiar     Summ           72%        N/A       34%         3
 Confusing Touch          Hex            72%        N/A       34%         3
 Gell's Gravitas          Tloc           72%        N/A       34%         3
 Ignite Poison            Fire/Tmut/Pois 72%        N/A       34%         3
 Lesser Beckoning         Tloc           72%        N/A       34%         3
 Mephitic Cloud           Conj/Pois/Air  72%        N/A       34%         3
 Ozocubu's Armour         Ice            72%        N/A       34%         3
 Stone Arrow              Conj/Erth      100%       3d13      34%         3
 Summon Guardian Golem    Hex/Summ       72%        N/A       34%         3
 Swiftness                Air            72%        N/A       34%         3
 Teleport Other           Tloc           72%        N/A       34%         3
 Tukima's Dance           Hex            72%        N/A       34%         3
 Vampiric Draining        Necr           72%        2d11      34%         3
 Airstrike                Air            36%        N/A       75%         4
 Dispel Undead            Necr           72%        3d24      75%         4
 Fulminant Prism          Conj/Hex       36%        3d18      75%         4
 Iskenderun's Mystic Bla  Conj/Tloc      72%        2d15      75%         4
 Passage of Golubria      Tloc           72%        N/A       75%         4
 Sticky Flame             Conj/Fire      72%        2d9       75%         4
 Summon Ice Beast         Ice/Summ       72%        N/A       75%         4
 Summon Lightning Spire   Summ/Air       72%        N/A       75%         4
 Agony                    Necr           72%        N/A       97%         5
 Freezing Cloud           Conj/Ice/Air   36%        6-21      97%         5
 Iskenderun's Battlesphe  Conj           72%        2d12      97%         5
 Lee's Rapid Deconstruct  Erth           36%        3d19*     97%         5
 Lightning Bolt           Conj/Air       36%        1d54      97%         5
 Metabolic Englaciation   Hex/Ice        36%        N/A       97%         5
 Silence                  Hex/Air        36%        N/A       97%         5
 Summon Mana Viper        Hex/Summ       72%        N/A       97%         5
 Yara's Violent Unravell  Hex/Tmut       36%        3d15      97%         5
 Conjure Ball Lightning   Conj/Air       36%        3x3d12    100%        6
 Iron Shot                Conj/Erth      36%        9d7       100%        6
 Enfeeble                 Hex            36%        N/A       100%        7
 Monstrous Menagerie      Summ           36%        N/A       100%        7
 Spellforged Servitor     Conj/Summ      36%        N/A       100%        7
 Discord                  Hex            36%        N/A       100%        8
 Disjunction              Tloc           36%        N/A       100%        8
 Lehudib's Crystal Spear  Conj/Erth      36%        10d9      100%        8
 Corpse Rot               Necr/Pois/Air  Unusable   N/A       N/A         4
 Simulacrum               Ice/Necr       Unusable   N/A       N/A         6

Inventory:

Hand Weapons
 Q - the +10 zealot's sword {holy, *Rage rN+ EV+3}
   (You found it on level 13 of the Dungeon)

   It has been blessed by the Shining One to cause great damage to the undead
   and demons.
   Whenever the wielder enters a berserk rage, their allies are berserked
   alongside them.
   EV:        It affects your evasion (+3).
   rN:        It protects you from negative energy.
   *Rage:     It berserks you when you make melee attacks (+20% chance).
 U - the +10 morningstar "Eos" (weapon) {elec, Halo rElec, mace}
   (You bought it in a shop on level 1 of the Dungeon)

   It occasionally discharges a powerful burst of electricity upon striking a
   foe.
   It grants its wielder a halo, increasing accuracy against those within it.
   rElec:     It insulates you from electricity.
Missiles
 b - 13 boomerangs {throwing}
 f - 413 stones (quivered) {throwing}
 o - 42 poisoned darts {throwing}
 s - 6 silver javelins {throwing}
 w - 16 throwing nets {=f!fthrowing}
 J - 7 javelins {throwing}
 W - 7 curare-tipped darts {=fthrowing}
Armour
 g - a +0 tower shield (worn)
   (You found it on level 2 of the Dungeon)
 l - the +3 hat of Pondering (worn) {ponderous, Will+ MP+10 Int+5}
   (You took it off Gastronok on level 2 of the Lair of Beasts)

   Int:       It affects your intelligence (+5).
   MP:        It affects your magic capacity (+10).
   Will:      It increases your willpower.
 m - the +1 pair of boots "Faotaet" (worn) {-Tele MP+9 Int+9}
   (You bought it in a shop on level 1 of the Dungeon)

   Int:       It affects your intelligence (+9).
   MP:        It affects your magic capacity (+9).
   -Tele:     It prevents most forms of teleportation.
 p - the +2 cloak "Dualidghu" (worn) {MP+9 Str+3 Int-5}
   (You bought it in a shop on level 3 of the Lair of Beasts)

   Str:       It affects your strength (+3).
   Int:       It affects your intelligence (-5).
   MP:        It affects your magic capacity (+9).
 A - a +0 crystal plate armour (worn) {rare=g}
   (You took it off a gnoll sergeant in a bailey)
 M - a +2 pair of gloves of hurling (worn)
   (You found it in a bailey)
Magical Staves
 H - a staff of earth {!astaff}
   (You found it in a bailey)
Jewellery
 a - an amulet of guardian spirit (around neck)
   (You bought it in a shop on level 2 of the Orcish Mines)
 h - a ring of protection from fire
   (You found it on level 1 of the Elven Halls)
 k - a +6 ring of strength
   (You took it off a deep elf zephyrmancer on level 1 of the Elven Halls)
 B - an amulet of regeneration {@e2}
   (You took it off Robin on level 3 of the Dungeon)
 O - the ring "Siuprys" (right hand) {*Slow Str+6 Dex+8 Slay+3 SInv}
   (You bought it in a shop on level 1 of the Dungeon)

   [ring of see invisible]

   Str:       It affects your strength (+6).
   Dex:       It affects your dexterity (+8).
   Slay:      It affects your accuracy & damage with ranged weapons and melee
   (+3).
   SInv:      It lets you see invisible.
   *Slow:     It may slow you when you take damage.
 R - the ring "Lohois" (left hand) {rPois rC- Int+4 Dex+6}
   (You found it on level 8 of the Dungeon)

   [ring of poison resistance]

   Int:       It affects your intelligence (+4).
   Dex:       It affects your dexterity (+6).
   rC:        It makes you vulnerable to cold.
   rPois:     It protects you from poison.
Wands
 c - a wand of flame (51)
 K - a wand of paralysis (17)
   (You found it on level 5 of the Dungeon)
 N - a wand of polymorph (8)
   (You found it on level 6 of the Lair of Beasts)
 S - a wand of iceblast (6)
   (You took it off Erica on level 8 of the Dungeon)
 V - a wand of mindburst (17)
   (You found it on level 1 of the Lair of Beasts)
Scrolls
 d - 16 scrolls of teleportation {@r4}
 e - 21 scrolls of identify {@r1}
 r - 8 scrolls of vulnerability {!r!r}
 y - 2 scrolls of enchant armour
 z - 3 scrolls of fog
 E - a scroll of blinking {!r}
 F - 5 scrolls of magic mapping {!r}
 G - 2 scrolls of silence {!r}
 I - 4 scrolls of enchant weapon
 P - 4 scrolls of immolation {!r!r}
 T - 7 scrolls of amnesia
 Z - 3 scrolls of brand weapon
Potions
 i - 5 potions of flight
 j - a potion of resistance
 t - 3 potions of might
 v - 3 potions of magic
 C - 6 potions of brilliance
 Y - a potion of lignification {!q}
Miscellaneous
 q - a tin of tremorstones (inert) {throwing}
   (You found it on level 5 of the Lair of Beasts)
 u - a phial of floods (inert)
   (You found it on level 1 of the Lair of Beasts)

Dungeon Overview and Level Annotations

Branches:
Dungeon (15/15)            Temple (1/1) D:5            Lair (6/6) D:11
 Shoals (0/4) Lair:2       Spider (0/4) Lair:4        Slime (0/5) Lair:6
    Orc (2/2) D:11            Elf (3/3) Orc:2        Vaults (0/5) D:13
 Depths (0/4) D:15         Bailey (visited)

Altars:
Ashenzari
Cheibriados
Dithmenos
Elyvilon
Fedhas
Gozag
Hepliaklqana
Kikubaaqudgha
Makhleb
Nemelex Xobeh
Okawaru
Qazlal
Ru
Sif Muna
Trog
Uskayaw
Vehumet
Wu Jian
Xom
Yredelemnul
Zin
The Shining One
Beogh
Jiyva

Shops:
D:1 [=(!:   D:2 !   D:3 :   D:4 (   D:10 ?   D:13 *   D:15 :   Orc:2 ==**
Elf:1 [[[(   Lair:3 *[[

Annotations:
D:3 exclusion: oklob plant
D:4 3 runed translucent doors, NateTC's ghost, amateur MiFi
D:14 1 exclusion
Lair:2 1 runed translucent door, 1 exclusion, Taurus's ghost, novice MiFi
Lair:5 1 exclusion
Lair:6 1 exclusion
Elf:1 1 exclusion

###.......##
#§..e.......#
#...........# ∆
#...........#
#...........#
#....§§.§§..#
#..§§e§§....#
###§ee(§§.### .
##e@e.§## e
....###e###....
..e4{{{2e2.....


...eeeeeeee42.. ....*e○eeE*3... #...43eeEEe...# ###.EEeee.....# ##.°ee.....##
##°.°○#.##. You could see a deep elf blademaster, a deep elf master archer, a
green death (summoned), a deep elf annihilator, a ghostly deep elf annihilator,
2 deep elf death magi, 2 deep elf sorcerers, a deep elf elementalist (repels
missiles), a shadow demon (summoned), 2 deep elf demonologists, an orange demon
(summoned), a deep elf archer (summoned, repels missiles), 3 deep elf knights, a
deep elf high priest, a deep elf pyromancer, a deep elf zephyrmancer (summoned),
a sixfirhy (summoned), 3 fire elementals, a lost soul (summoned) and a +5
battleaxe of flaming (summoned).


Message History

[a] - 240 gold - might and brilliance [b] - 651 gold - lignification, might, resistance, haste and brilliance [c] - 550 gold - curing, magic, haste and brilliance Purchase which effect?
You no longer have enough gold to petition Gozag for potion effects.
You feel very mighty all of a sudden.
You feel clever all of a sudden.
The deep elf archer seems to regain its courage.
The ghostly deep elf annihilator points at you and mumbles some strange words.
You block the iron shot.
You block the +5 battleaxe of flaming's attack. 😱 MP[+1] Unknown command.
Unknown command.
Unknown command.
Unknown command.
Unknown command.
Unknown command.
You sock the ghostly deep elf annihilator!
You block the ghostly deep elf annihilator's attack.
You block the +5 battleaxe of flaming's attack.
You block the deep elf knight's attack. 😱 HP[+1] Unknown command.
Unknown command.
Unknown command.
Unknown command.
Unknown command.
Okay, then.
You feel better. The +5 battleaxe of flaming hits you!
* * * LOW HITPOINT WARNING * * *
The +5 battleaxe of flaming burns you.
* * * LOW HITPOINT WARNING * * *
The ghostly deep elf annihilator mumbles some strange words.
The ghostly deep elf annihilator blinks!
You block the deep elf knight's attack. 😱 HP[-4] MP[-3]
You take 4 damage, and now have 1/133 hp.
You lost 3 mp, and now have 0/61 mp.
You feel better.
You block the +5 battleaxe of flaming's attack. x2
The deep elf archer unwields a +0 shortbow.
The deep elf archer wields a +0 short sword.
The deep elf archer hits you but does no damage. 😱 HP[+8]
You regained 8 hp, and now have 9/133 hp.
Unknown command.
You feel better.
The deep elf death mage beckons forth a restless soul!
The +5 battleaxe of flaming hits you.
* * * LOW HITPOINT WARNING * * *
The +5 battleaxe of flaming burns you.
* * * LOW HITPOINT WARNING * * *
😱 HP[+1]
You feel better.
The deep elf elementalist is no longer moving quickly.
The deep elf archer hits you but does no damage.
The deep elf blademaster hits you but does no damage.
The deep elf blademaster closely misses you.
The ghostly deep elf annihilator gestures wildly while chanting.
The ghostly deep elf annihilator blinks!
The deep elf annihilator casts a spell.
The deep elf annihilator blinks!
You block the +5 battleaxe of flaming's attack.
The deep elf knight casts a spell.
The deep elf knight flickers and vanishes for a moment.
The deep elf zephyrmancer is distracted by your dazzling golden aura.
The deep elf zephyrmancer shouts! 😱 HP[+5] MP[+1]
You regained 5 hp, and now have 15/133 hp.
Unknown command.
Unknown command.
Unknown command.
Aiming: Mindburst
Press: ? - help, Shift-Dir - straight line, f - deep elf death mage
Aim: a deep elf death mage, wielding a +0 dagger (grey smoke, heavily wounded, haloed, chance to affect: 23%)
Okay, then.
Unknown command.
Unknown command.
You closely miss the ghostly deep elf annihilator.
The deep elf zephyrmancer is no longer distracted by gold.
The deep elf blademaster hits you but does no damage. x2
You block the deep elf archer's attack.
You block the +5 battleaxe of flaming's attack.
The ghostly deep elf annihilator hits you with a +0 short sword.
* * * LOW HITPOINT WARNING * * *
The deep elf sorcerer mumbles some strange words.
The deep elf sorcerer seems to speed up.
The deep elf death mage hits you with a +0 dagger.
* * * LOW HITPOINT WARNING * * *
The deep elf blademaster hits you with a +0 rapier.
* * * LOW HITPOINT WARNING * * *
The deep elf blademaster barely misses you. 😱 HP[-8]
You take 8 damage, and now have 7/133 hp.
Unknown command.
Unknown command.
You barely miss the ghostly deep elf annihilator.
The +5 battleaxe of flaming hits you!!
You die...
Your body crumbles into a pile of gold.

Skill      XL: |  1  2  3  4  5  6  7  8  9 10 11 12 13 14 15 16 17 |
---------------+----------------------------------------------------+-----
Invocations    | 1 2 3 4 5 6 7 8 9 10 11 12 | 12.9
Short Blades   | 1 2 3 4 5 6 7 8 9 10 11 | 11.9
Long Blades    | 1 2 3 4 5 6 7 8 9 10 11 | 11.9
Axes           | 1 2 3 4 5 6 7 8 9 10 11 | 11.9
Maces & Flails | 1 2 3 4 5 6 7 8 9 10 11 | 11.9
Polearms       | 1 2 3 4 5 6 7 8 9 10 11 | 11.9
Staves         | 1 2 3 4 5 6 7 8 9 10 11 | 11.9
Slings         | 1 2 3 4 5 6 7 8 9 10 11 | 11.9
Crossbows      | 1 2 3 4 5 6 7 8 9 10 11 | 11.9
Throwing       | 1 2 3 4 5 6 7 8 9 10 11 | 11.9
Dodging        | 1 2 3 4 5 6 7 8 9 10 11 | 11.9
Stealth        | 1 2 3 4 5 6 7 8 9 10 11 | 11.9
Shields        | 1 2 3 4 5 6 7 8 9 10 11 | 11.9
Fighting       | 3 4 5 6 7 8 9 10 11 12 | 12.2
Spellcasting   | 3 4 5 6 7 8 9 10 11 12 | 12.2
Conjurations   | 1 2 3 4 5 6 7 8 9 10 | 10.1
Hexes          | 1 2 3 4 5 6 7 8 9 10 | 10.1
Summonings     | 1 2 3 4 5 6 7 8 9 10 | 10.1
Necromancy     | 1 2 3 4 5 6 7 8 9 10 | 10.1
Translocations | 1 2 3 4 5 6 7 8 9 10 | 10.1
Transmutations | 1 2 3 4 5 6 7 8 9 10 | 10.1
Fire Magic     | 1 2 3 4 5 6 7 8 9 10 | 10.1
Ice Magic      | 1 2 3 4 5 6 7 8 9 10 | 10.1
Air Magic      | 1 2 3 4 5 6 7 8 9 10 | 10.1
Earth Magic    | 1 2 3 4 5 6 7 8 9 10 | 10.1
Poison Magic   | 1 2 3 4 5 6 7 8 9 10 | 10.1
Bows           | 5 6 7 8 9 10 11 12 | 12.7
Armour         | 5 6 7 8 9 10 11 12 | 12.7
Unarmed Combat | 5 6 7 8 9 10 11 12 | 12.7
Evocations     | 5 6 7 8 9 10 11 12 | 12.7

Action                   |  1- 3 |  4- 6 |  7- 9 | 10-12 | 13-15 | 16-18 || total
-------------------------+-------+-------+-------+-------+-------+-------++-------
Melee: Shortbow          |     9 |       |       |       |       |       ||     9
       Short sword       |       |       |    95 |       |       |       ||    95
       Bite              |       |       |    14 |    63 |   149 |    82 ||   308
       Punch             |       |       |     6 |     1 |       |       ||     7
       Unarmed           |       |       |    18 |       |       |       ||    18
       Scimitar          |       |       |    13 |    31 |       |       ||    44
       Whip              |       |       |     1 |       |       |       ||     1
       Morningstar       |       |       |       |   316 |   974 |   425 ||  1715
       Headbutt          |       |       |       |    23 |   116 |       ||   139
       Eudemon blade     |       |       |       |       |       |    22 ||    22
 Fire: Shortbow          |    93 |   103 |   348 |       |       |       ||   544
Throw: Stone             |       |       |    14 |   159 |   131 |    62 ||   366
       Javelin           |       |       |       |       |     6 |       ||     6
       Dart              |       |       |       |       |     1 |       ||     1
Invok: Potion Petition   |       |       |       |     1 |     2 |     4 ||     7
       Call Merchant     |       |       |       |     1 |     3 |     1 ||     5
Evoke: Wand              |     1 |       |    23 |     8 |     9 |    13 ||    54
       Tin of tremorston |       |       |       |       |       |     7 ||     7
       Phial of floods   |       |       |       |       |       |     3 ||     3
  Use: Scroll            |     8 |     3 |     7 |     5 |     5 |     3 ||    31
       Potion            |     3 |     1 |     7 |     4 |     7 |    16 ||    38
 Stab: Paralysed         |       |       |     1 |     3 |       |       ||     4
       Distracted        |       |       |       |     6 |    17 |     2 ||    25
Armor: Leather armour    |    15 |    32 |    93 |       |       |       ||   140
       Skin              |       |    18 |    31 |       |       |       ||    49
       Crystal plate arm |       |       |    14 |   204 |   751 |   259 ||  1228
Dodge: Dodged            |    17 |    43 |   219 |    59 |   409 |   157 ||   904
Block: Tower shield      |       |       |       |   302 |  1293 |   513 ||  2108

Levels and vault maps discovered:
D:1:      roderic_crop_circles_arrival_large, layout_loops_cross, serial_shops,
          shop, nicolae_shop_crystal, shop, shop, nicolae_shop_advertising_works
          [nicolae_subvault_shop_adworks], ebering_ecumenical_altar_webs
D:2:      layout_rooms, basic_altar, serial_shops, nicolae_shop_behind_doors,
          minmay_pentomino_z4, uniq_sigmund
D:3:      layout_rooms, tgw_fedhas, minitemple, serial_shops, shop, uniq_robin,
          uniq_natasha
D:4:      layout_loops_ring, biasface_ghost_orc_armoury, minmay_misc_feat_x,
          nicolae_shop_firing_range, uniq_menkaure
D:5:      layout_loops_ring, minmay_temple_entry_ruins,
          hangedman_abyss_or_decor_stagger
D:6:      layout_gridville
D:7:      layout_rooms, vehumet_crystals, enter_bailey_6,
          nicolae_figureground_pulse
D:8:      layout_basic, mainiacjoe_overflow_surrounded_room, uniq_erica
D:9:      layout_cave_pools, minivault_4, grunt_tough_drop
D:10:     cheibrodos_orc_bank, layout_loops_corners, uniq_nergalle
D:11:     layout_irregular_city, dpeg_oklobed_lair,
          kennysheep_orc_monster_closet_entryway
D:12:     layout_basic, uniq_sonja, uniq_nessos
D:13:     layout_loops_ring, david_vaults_1, serial_shops,
          nicolae_take_the_stairs, special_room [special_room_orc]
D:14:     layout_basic, minmay_misc_feat_square, uniq_lodul
D:15:     grunt_enter_depths_hoard, layout_stronghold,
          hangedman_abyss_or_decor_stabs, minivault_12
Temple:   dpeg_three_leaves_temple
Lair:1:   layout_cave_pods, st_stairs_4, uniq_joseph
Lair:2:   layout_roguey, elwin_shoals_entry_stream, gammafunk_ghost_grave,
          uniq_gastronok
Lair:3:   layout_chaotic_city, basic_altar, fungi_pond_lemuel,
          kennysheep_rathole, lemuel_fruit_fields, grunt_megastairs_2,
          serial_bayou_shore_b
Lair:4:   hellmonk_ruined_rings, layout_cave_pods,
          hellmonk_spider_entry_life_and_decay
Lair:5:   layout_layer_cave, serial_bayou_pond_e, grunt_megastairs_5
Lair:6:   hangedman_lair_caniforms_friends, layout_gridlike,
          guppyfry_lair_end_dragon, slime_altar_1, kennysheep_basilisk_garden,
          uniq_urug
Orc:1:    layout_diamond_mine, nicolae_orc_flooded_monolith
Orc:2:    st_orc_mages, layout_caves
Elf:1:    eino_elf_arrival_the_gate, layout_gridlike, minmay_elf_annihilation,
          glass_columns_a, minmay_shoptagon
Elf:2:    elven_hall_of_blades_hangedman_alternative
          [infiniplex_blade_entry_pillars], layout_onion_city, minivault_28
Elf:3:    minmay_elf_hall_hex, layout_onion_city, hangedman_elf_disciples

Notes
Turn   | Place    | Note
-------+----------+-------------------------------------------
     0 | D:1      | spaghetti the Gnoll Wanderer began the quest for the Orb.
     0 | D:1      | spaghetti set off with the following items: a +2 shortbow
                  | {bow}, a scroll of silence {!r}, a wand of flame (7), a
                  | scroll of blinking {!r}, a +0 leather armour
     0 | D:1      | Reached XP level 1. HP: 17/17 MP: 4/4
     0 | D:1      | magus.rc [v1.9.6]
    15 | D:1      | Found Aschyss's Jewellery Shop.
   138 | D:1      | Reached XP level 2. HP: 21/23 MP: 5/5
   156 | D:1      | Found a faded altar of an unknown god.
   313 | D:1      | Found Tiafial's Distillery.
   323 | D:1      | You pick up a book of Cantrips and begin reading...
   323 | D:1      | You add the spells Necrotize, Summon Small Mammal and
                  | Apportation to your library.
   478 | D:1      | Reached XP level 3. HP: 19/28 MP: 7/7
   711 | D:1      | Found Kuliysa's Book Shop.
   806 | D:1      | Found Nughan's Weapon Shoppe.
   815 | D:1      | Found Imeni's Armour Boutique.
   917 | D:2      | Found a sacrificial altar of Ru.
   921 | D:2      | Reached skill level 1 in Invocations
   960 | D:2      | Noticed Sigmund
   970 | D:3      | Noticed Robin
  1352 | D:2      | Reached skill level 1 in Short Blades
  1352 | D:2      | Reached skill level 1 in Long Blades
  1352 | D:2      | Reached skill level 1 in Axes
  1352 | D:2      | Reached skill level 1 in Maces & Flails
  1352 | D:2      | Reached skill level 1 in Polearms
  1352 | D:2      | Reached skill level 1 in Staves
  1352 | D:2      | Reached skill level 1 in Slings
  1352 | D:2      | Reached skill level 1 in Crossbows
  1352 | D:2      | Reached skill level 1 in Throwing
  1352 | D:2      | Reached skill level 1 in Dodging
  1352 | D:2      | Reached skill level 1 in Stealth
  1352 | D:2      | Reached skill level 1 in Shields
  1383 | D:2      | Reached XP level 4. HP: 34/34 MP: 8/8
  1397 | D:2      | You pick up a book of Cantrips and begin reading...
  1445 | D:2      | Killed Sigmund
  1446 | D:2      | Reached skill level 3 in Fighting
  1446 | D:2      | Reached skill level 3 in Spellcasting
  1446 | D:2      | Reached skill level 1 in Conjurations
  1446 | D:2      | Reached skill level 1 in Hexes
  1446 | D:2      | Reached skill level 1 in Summonings
  1446 | D:2      | Reached skill level 1 in Necromancy
  1446 | D:2      | Reached skill level 1 in Translocations
  1446 | D:2      | Reached skill level 1 in Transmutations
  1446 | D:2      | Reached skill level 1 in Fire Magic
  1446 | D:2      | Reached skill level 1 in Ice Magic
  1446 | D:2      | Reached skill level 1 in Air Magic
  1446 | D:2      | Reached skill level 1 in Earth Magic
  1446 | D:2      | Reached skill level 1 in Poison Magic
  1446 | D:2      | Reached skill level 2 in Invocations
  1446 | D:2      | Reached XP level 5. HP: 37/41 MP: 9/9
  1446 | D:2      | Reached XP level 6. HP: 43/47 MP: 10/10
  1477 | D:2      | Found Xefuf's Distillery.
  1854 | D:3      | You pick up a book of Winter and begin reading...
  1854 | D:3      | You add the spells Ozocubu's Armour, Metabolic Englaciation
                  | and Simulacrum to your library.
  1874 | D:3      | Found Kobliux's Book Emporium.
  1962 | D:3      | You pick up a book of Displacement and begin reading...
  1962 | D:3      | You add the spells Lesser Beckoning, Gell's Gravitas and
                  | Teleport Other to your library.
  2009 | D:3      | Found a bloodstained altar of Trog.
  2010 | D:3      | Found a sacrificial altar of Ru.
  2014 | D:3      | Found a glowing golden altar of the Shining One.
  2016 | D:3      | Found a snail-covered altar of Cheibriados.
  2016 | D:3      | Found an iron altar of Okawaru.
  2016 | D:3      | Found a sparkling altar of Nemelex Xobeh.
  2019 | D:3      | Found a broken altar of Ashenzari.
  2022 | D:3      | Found a burning altar of Makhleb.
  2023 | D:3      | Found a hide-covered altar of Uskayaw.
  2024 | D:3      | Found a hazy altar of Hepliaklqana.
  2051 | D:3      | Noticed Natasha
  2054 | D:3      | Killed Natasha
  2055 | D:3      | Reached skill level 5 in Bows
  2055 | D:3      | Reached skill level 5 in Armour
  2055 | D:3      | Reached skill level 5 in Unarmed Combat
  2055 | D:3      | Reached skill level 5 in Evocations
  2103 | D:3      | Noticed Natasha
  2112 | D:3      | Killed Natasha
  2113 | D:3      | Reached skill level 2 in Short Blades
  2113 | D:3      | Reached skill level 2 in Long Blades
  2113 | D:3      | Reached skill level 2 in Axes
  2113 | D:3      | Reached skill level 2 in Maces & Flails
  2113 | D:3      | Reached skill level 2 in Polearms
  2113 | D:3      | Reached skill level 2 in Staves
  2113 | D:3      | Reached skill level 2 in Slings
  2113 | D:3      | Reached skill level 2 in Crossbows
  2113 | D:3      | Reached skill level 2 in Throwing
  2113 | D:3      | Reached skill level 2 in Dodging
  2113 | D:3      | Reached skill level 2 in Stealth
  2113 | D:3      | Reached skill level 2 in Shields
  2176 | D:3      | Noticed Natasha
  2177 | D:3      | Killed Robin
  2191 | D:3      | Killed Natasha
  2461 | D:3      | Found a blossoming altar of Fedhas.
  2480 | D:3      | Noticed an oklob plant
  2752 | D:4      | Noticed Menkaure
  2759 | D:4      | HP: 10/47 [Menkaure (17)]
  2760 | D:4      | Killed Menkaure
  2761 | D:4      | Reached XP level 7. HP: 12/52 MP: 12/12
  2834 | D:4      | Found a runed translucent gate.
  2834 | D:4      | Found a runed translucent gate.
  2837 | D:4      | Noticed NateTC's ghost (amateur MiFi)
  2838 | D:4      | Found a runed translucent gate.
  2839 | D:4      | Identified the +7 dagger of Inflation {flame, Str+4 Int+3}
  3034 | D:4      | Reached skill level 2 in Conjurations
  3034 | D:4      | Reached skill level 2 in Hexes
  3034 | D:4      | Reached skill level 2 in Summonings
  3034 | D:4      | Reached skill level 2 in Necromancy
  3034 | D:4      | Reached skill level 2 in Translocations
  3034 | D:4      | Reached skill level 2 in Transmutations
  3034 | D:4      | Reached skill level 2 in Fire Magic
  3034 | D:4      | Reached skill level 2 in Ice Magic
  3034 | D:4      | Reached skill level 2 in Air Magic
  3034 | D:4      | Reached skill level 2 in Earth Magic
  3034 | D:4      | Reached skill level 2 in Poison Magic
  3152 | D:4      | Found Tyxeelur's Firing Range.
  3515 | D:5      | Entered Level 5 of the Dungeon
  3573 | D:5      | Reached skill level 3 in Invocations
  3575 | D:5      | Reached skill level 4 in Spellcasting
  3753 | D:5      | Found a staircase to the Ecumenical Temple.
  3897 | D:5      | Reached XP level 8. HP: 59/60 MP: 14/14
  4028 | D:5      | Reached skill level 4 in Fighting
  4032 | D:5      | Reached skill level 3 in Short Blades
  4032 | D:5      | Reached skill level 3 in Long Blades
  4032 | D:5      | Reached skill level 3 in Axes
  4032 | D:5      | Reached skill level 3 in Maces & Flails
  4032 | D:5      | Reached skill level 3 in Polearms
  4032 | D:5      | Reached skill level 3 in Staves
  4032 | D:5      | Reached skill level 3 in Slings
  4032 | D:5      | Reached skill level 3 in Crossbows
  4032 | D:5      | Reached skill level 3 in Throwing
  4032 | D:5      | Reached skill level 3 in Dodging
  4032 | D:5      | Reached skill level 3 in Stealth
  4032 | D:5      | Reached skill level 3 in Shields
  4456 | D:6      | You pick up a book of Misfortune and begin reading...
  4456 | D:6      | You add the spells Confusing Touch, Yara's Violent
                  | Unravelling and Enfeeble to your library.
  4554 | Temple   | Entered the Ecumenical Temple
  4622 | Temple   | Became a worshipper of Gozag Ym Sagoz the Greedy
  5057 | D:6      | Reached skill level 4 in Invocations
  5133 | D:6      | Reached skill level 3 in Conjurations
  5133 | D:6      | Reached skill level 3 in Hexes
  5133 | D:6      | Reached skill level 3 in Summonings
  5133 | D:6      | Reached skill level 3 in Necromancy
  5133 | D:6      | Reached skill level 3 in Translocations
  5133 | D:6      | Reached skill level 3 in Transmutations
  5133 | D:6      | Reached skill level 3 in Fire Magic
  5133 | D:6      | Reached skill level 3 in Ice Magic
  5133 | D:6      | Reached skill level 3 in Air Magic
  5133 | D:6      | Reached skill level 3 in Earth Magic
  5133 | D:6      | Reached skill level 3 in Poison Magic
  5556 | D:7      | Found a radiant altar of Vehumet.
  5665 | D:7      | Reached skill level 6 in Bows
  5665 | D:7      | Reached skill level 6 in Armour
  5665 | D:7      | Reached skill level 6 in Unarmed Combat
  5665 | D:7      | Reached skill level 6 in Evocations
  5673 | D:7      | Paralysed by an orc for 2 turns
  5749 | D:7      | Reached XP level 9. HP: 48/66 MP: 16/16
  5860 | D:7      | Found a flagged portal.
  5976 | Bailey   | Entered a bailey
  6056 | Bailey   | Identified a +0 crystal plate armour
  6072 | Bailey   | Reached skill level 4 in Short Blades
  6072 | Bailey   | Reached skill level 4 in Long Blades
  6072 | Bailey   | Reached skill level 4 in Axes
  6072 | Bailey   | Reached skill level 4 in Maces & Flails
  6072 | Bailey   | Reached skill level 4 in Polearms
  6072 | Bailey   | Reached skill level 4 in Staves
  6072 | Bailey   | Reached skill level 4 in Slings
  6072 | Bailey   | Reached skill level 4 in Crossbows
  6072 | Bailey   | Reached skill level 4 in Throwing
  6072 | Bailey   | Reached skill level 4 in Dodging
  6072 | Bailey   | Reached skill level 4 in Stealth
  6072 | Bailey   | Reached skill level 4 in Shields
  6128 | Bailey   | Reached skill level 5 in Spellcasting
  6148 | Bailey   | Reached skill level 5 in Fighting
  6192 | Bailey   | Reached skill level 5 in Invocations
  6398 | Bailey   | A - a +0 crystal plate armour {rare=g}
  6803 | D:1      | Bought the ring "Siuprys" {*Slow Str+6 Dex+8 Slay+3 SInv}
                  | for 642 gold pieces
  6815 | D:1      | You finish putting on your +0 crystal plate armour
                  | {rare=g}.
  7300 | D:7      | You pick up a book of Necromancy and begin reading...
  7300 | D:7      | You add the spells Vampiric Draining and Agony to your
                  | library.
  7424 | D:8      | Identified the ring "Lohois" {rPois rC- Int+4 Dex+6}
  7473 | D:8      | Reached XP level 10. HP: 45/74 MP: 18/18
  7534 | D:8      | Noticed a two-headed ogre
  7542 | D:8      | HP: 14/74 [two-headed ogre/+0 giant club (14)]
  7544 | D:8      | Killed a two-headed ogre
  7545 | D:8      | Reached skill level 5 in Short Blades
  7545 | D:8      | Reached skill level 5 in Long Blades
  7545 | D:8      | Reached skill level 5 in Axes
  7545 | D:8      | Reached skill level 5 in Maces & Flails
  7545 | D:8      | Reached skill level 5 in Polearms
  7545 | D:8      | Reached skill level 5 in Staves
  7545 | D:8      | Reached skill level 5 in Slings
  7545 | D:8      | Reached skill level 5 in Crossbows
  7545 | D:8      | Reached skill level 5 in Throwing
  7545 | D:8      | Reached skill level 5 in Dodging
  7545 | D:8      | Reached skill level 5 in Stealth
  7545 | D:8      | Reached skill level 5 in Shields
  7545 | D:8      | Reached skill level 4 in Conjurations
  7545 | D:8      | Reached skill level 4 in Hexes
  7545 | D:8      | Reached skill level 4 in Summonings
  7545 | D:8      | Reached skill level 4 in Necromancy
  7545 | D:8      | Reached skill level 4 in Translocations
  7545 | D:8      | Reached skill level 4 in Transmutations
  7545 | D:8      | Reached skill level 4 in Fire Magic
  7545 | D:8      | Reached skill level 4 in Ice Magic
  7545 | D:8      | Reached skill level 4 in Air Magic
  7545 | D:8      | Reached skill level 4 in Earth Magic
  7545 | D:8      | Reached skill level 4 in Poison Magic
  7792 | D:8      | Noticed Erica
  7804 | D:8      | Killed Erica
  7805 | D:8      | Reached skill level 7 in Bows
  7805 | D:8      | Reached skill level 7 in Armour
  7805 | D:8      | Reached skill level 7 in Unarmed Combat
  7805 | D:8      | Reached skill level 6 in Spellcasting
  7805 | D:8      | Reached skill level 7 in Evocations
  7916 | D:8      | Reached skill level 6 in Fighting
  8047 | D:1      | Bought the +10 morningstar "Eos" {elec, Halo rElec} for
                  | 1036 gold pieces
  8047 | D:1      | Found the +10 morningstar "Eos" {elec, Halo rElec, mace}
  8349 | D:8      | Found an ornate altar of the Wu Jian Council.
  9105 | D:9      | Reached skill level 6 in Invocations
  9173 | D:9      | You fall into a shaft and drop 3 floors!
  9240 | D:12     | Noticed a manticore
  9244 | D:12     | Killed a manticore
  9339 | D:11     | You pick up a book of the Moon and begin reading...
  9339 | D:11     | You add the spells Passage of Golubria, Silence and
                  | Lehudib's Crystal Spear to your library.
  9348 | D:11     | Found a staircase to the Orcish Mines.
  9351 | D:11     | Reached XP level 11. HP: 83/83 MP: 20/20
  9424 | D:11     | You pick up a book of Storms and begin reading...
  9424 | D:11     | You add the spells Airstrike, Summon Lightning Spire and
                  | Lightning Bolt to your library.
  9430 | D:11     | Noticed an oklob plant
  9476 | D:11     | Noticed a two-headed ogre
  9483 | D:11     | Killed a two-headed ogre
  9484 | D:11     | Reached skill level 6 in Short Blades
  9484 | D:11     | Reached skill level 6 in Long Blades
  9484 | D:11     | Reached skill level 6 in Axes
  9484 | D:11     | Reached skill level 6 in Maces & Flails
  9484 | D:11     | Reached skill level 6 in Polearms
  9484 | D:11     | Reached skill level 6 in Staves
  9484 | D:11     | Reached skill level 6 in Slings
  9484 | D:11     | Reached skill level 6 in Crossbows
  9484 | D:11     | Reached skill level 6 in Throwing
  9484 | D:11     | Reached skill level 6 in Dodging
  9484 | D:11     | Reached skill level 6 in Stealth
  9484 | D:11     | Reached skill level 6 in Shields
  9484 | D:11     | Reached skill level 5 in Conjurations
  9484 | D:11     | Reached skill level 5 in Hexes
  9484 | D:11     | Reached skill level 5 in Summonings
  9484 | D:11     | Reached skill level 5 in Necromancy
  9484 | D:11     | Reached skill level 5 in Translocations
  9484 | D:11     | Reached skill level 5 in Transmutations
  9484 | D:11     | Reached skill level 5 in Fire Magic
  9484 | D:11     | Reached skill level 5 in Ice Magic
  9484 | D:11     | Reached skill level 5 in Air Magic
  9484 | D:11     | Reached skill level 5 in Earth Magic
  9484 | D:11     | Reached skill level 5 in Poison Magic
  9625 | D:10     | Entered Level 10 of the Dungeon
  9853 | D:9      | Noticed a two-headed ogre
  9859 | D:9      | Killed a two-headed ogre
 10059 | D:9      | Reached skill level 7 in Spellcasting
 10137 | D:9      | Noticed a cyclops
 10138 | D:9      | Noticed a deep elf pyromancer
 10148 | D:9      | Noticed a manticore
 10164 | D:9      | Noticed a centaur warrior
 10166 | D:9      | Killed a manticore
 10167 | D:9      | Reached skill level 7 in Invocations
 10169 | D:9      | Noticed a boulder beetle
 10172 | D:9      | Killed a centaur warrior
 10173 | D:9      | Reached skill level 7 in Fighting
 10173 | D:9      | Reached skill level 8 in Bows
 10173 | D:9      | Reached skill level 8 in Armour
 10173 | D:9      | Reached skill level 8 in Unarmed Combat
 10173 | D:9      | Reached skill level 8 in Evocations
 10174 | D:9      | Killed a cyclops
 10181 | D:9      | Killed a boulder beetle
 10187 | D:9      | Killed a deep elf pyromancer
 10396 | D:10     | You add the spells Ignite Poison, Mephitic Cloud and
                  | Freezing Cloud to your library.
 10411 | D:10     | Noticed Nergalle
 10412 | D:10     | Noticed a spectral orc warlord
 10415 | D:10     | Noticed a spectral orc warlord
 10415 | D:10     | HP: 19/80 [spectral orc knight/+0 battleaxe[Nergalle] (3)]
 10424 | D:10     | Killed Nergalle
 10597 | D:10     | Noticed an orc knight
 10609 | D:10     | Killed an orc knight
 10610 | D:10     | Reached XP level 12. HP: 52/91 MP: 23/23
 10899 | D:10     | Identified a scroll of acquirement
 11013 | D:10     | Acquired 297 gold pieces
 11360 | D:11     | Reached skill level 7 in Short Blades
 11360 | D:11     | Reached skill level 7 in Long Blades
 11360 | D:11     | Reached skill level 7 in Axes
 11360 | D:11     | Reached skill level 7 in Maces & Flails
 11360 | D:11     | Reached skill level 7 in Polearms
 11360 | D:11     | Reached skill level 7 in Staves
 11360 | D:11     | Reached skill level 7 in Slings
 11360 | D:11     | Reached skill level 7 in Crossbows
 11360 | D:11     | Reached skill level 7 in Throwing
 11360 | D:11     | Reached skill level 7 in Dodging
 11360 | D:11     | Reached skill level 7 in Stealth
 11360 | D:11     | Reached skill level 7 in Shields
 11395 | D:11     | Noticed a two-headed ogre
 11399 | D:11     | Killed a two-headed ogre
 11476 | Orc:1    | Entered Level 1 of the Orcish Mines
 11596 | Orc:1    | Gained mutation: Your mind is acute. (Int +2) [potion of
                  | mutation]
 11596 | Orc:1    | Gained mutation: You have a pair of small horns on your
                  | head. [potion of mutation]
 11695 | Orc:1    | Reached skill level 6 in Conjurations
 11695 | Orc:1    | Reached skill level 6 in Hexes
 11695 | Orc:1    | Reached skill level 6 in Summonings
 11695 | Orc:1    | Reached skill level 6 in Necromancy
 11695 | Orc:1    | Reached skill level 6 in Translocations
 11695 | Orc:1    | Reached skill level 6 in Transmutations
 11695 | Orc:1    | Reached skill level 6 in Fire Magic
 11695 | Orc:1    | Reached skill level 6 in Ice Magic
 11695 | Orc:1    | Reached skill level 6 in Air Magic
 11695 | Orc:1    | Reached skill level 6 in Earth Magic
 11695 | Orc:1    | Reached skill level 6 in Poison Magic
 11780 | D:11     | You pick up a book of Blasting and begin reading...
 11780 | D:11     | You add the spells Fulminant Prism, Iskenderun's Mystic
                  | Blast and Lee's Rapid Deconstruction to your library.
 11984 | D:11     | Reached skill level 8 in Invocations
 12169 | D:11     | Found a staircase to the Lair.
 12239 | D:12     | Identified the +1 robe of Hatol {rF+ rN++ Regen+}
 12475 | D:12     | Noticed Nessos
 12482 | D:12     | Reached skill level 8 in Spellcasting
 12495 | D:12     | Killed Nessos
 12519 | D:12     | Noticed a two-headed ogre
 12527 | D:12     | Killed a two-headed ogre
 12528 | D:12     | Reached skill level 8 in Fighting
 12694 | D:12     | You pick up a book of Touch and begin reading...
 12694 | D:12     | You add the spells Static Discharge, Sticky Flame and
                  | Dispel Undead to your library.
 12775 | D:12     | Noticed Sonja
 12778 | D:12     | Killed Sonja
 12779 | D:12     | Reached skill level 9 in Bows
 12779 | D:12     | Reached skill level 9 in Armour
 12779 | D:12     | Reached skill level 9 in Unarmed Combat
 12779 | D:12     | Reached skill level 9 in Evocations
 12972 | D:12     | Reached XP level 13. HP: 51/99 MP: 25/25
 12975 | D:12     | HP: 22/99 [skeletal warrior/+0 trident (7)]
 13035 | D:12     | Reached skill level 8 in Short Blades
 13035 | D:12     | Reached skill level 8 in Long Blades
 13035 | D:12     | Reached skill level 8 in Axes
 13035 | D:12     | Reached skill level 8 in Maces & Flails
 13035 | D:12     | Reached skill level 8 in Polearms
 13035 | D:12     | Reached skill level 8 in Staves
 13035 | D:12     | Reached skill level 8 in Slings
 13035 | D:12     | Reached skill level 8 in Crossbows
 13035 | D:12     | Reached skill level 8 in Throwing
 13035 | D:12     | Reached skill level 8 in Dodging
 13035 | D:12     | Reached skill level 8 in Stealth
 13035 | D:12     | Reached skill level 8 in Shields
 13324 | D:13     | Found Xedioxio's Assorted Antiques.
 13392 | D:13     | Identified the +1 chain mail of Lifelessness {-Cast rPois
                  | rN+ Str+2}
 13477 | D:13     | Found a gate to the Vaults.
 13488 | D:13     | Reached skill level 9 in Invocations
 13890 | D:13     | You pick up a book of Blasting and begin reading...
 14038 | D:13     | Found the +10 zealot's sword {holy, *Rage rN+ EV+3}
 14116 | D:14     | Reached skill level 7 in Conjurations
 14116 | D:14     | Reached skill level 7 in Hexes
 14116 | D:14     | Reached skill level 7 in Summonings
 14116 | D:14     | Reached skill level 7 in Necromancy
 14116 | D:14     | Reached skill level 7 in Translocations
 14116 | D:14     | Reached skill level 7 in Transmutations
 14116 | D:14     | Reached skill level 7 in Fire Magic
 14116 | D:14     | Reached skill level 7 in Ice Magic
 14116 | D:14     | Reached skill level 7 in Air Magic
 14116 | D:14     | Reached skill level 7 in Earth Magic
 14116 | D:14     | Reached skill level 7 in Poison Magic
 14204 | D:14     | Reached skill level 9 in Spellcasting
 14438 | D:14     | Noticed a rakshasa
 14446 | D:14     | Killed a rakshasa
 14467 | D:14     | Reached skill level 9 in Fighting
 14672 | D:14     | Noticed Lodul
 14681 | D:14     | Killed Lodul
 15389 | Orc:2    | Entered Level 2 of the Orcish Mines
 15412 | Orc:2    | Reached skill level 10 in Bows
 15412 | Orc:2    | Reached skill level 10 in Armour
 15412 | Orc:2    | Reached skill level 10 in Unarmed Combat
 15412 | Orc:2    | Reached skill level 10 in Evocations
 15420 | Orc:2    | Reached XP level 14. HP: 95/108 MP: 27/27
 15484 | Orc:2    | Found a staircase to the Elven Halls.
 15691 | Orc:2    | Reached skill level 9 in Short Blades
 15691 | Orc:2    | Reached skill level 9 in Long Blades
 15691 | Orc:2    | Reached skill level 9 in Axes
 15691 | Orc:2    | Reached skill level 9 in Maces & Flails
 15691 | Orc:2    | Reached skill level 9 in Polearms
 15691 | Orc:2    | Reached skill level 9 in Staves
 15691 | Orc:2    | Reached skill level 9 in Slings
 15691 | Orc:2    | Reached skill level 9 in Crossbows
 15691 | Orc:2    | Reached skill level 9 in Throwing
 15691 | Orc:2    | Reached skill level 9 in Dodging
 15691 | Orc:2    | Reached skill level 9 in Stealth
 15691 | Orc:2    | Reached skill level 9 in Shields
 16134 | Orc:2    | Found Xiqei's Jewellery Shop.
 16134 | Orc:2    | Found Demidaw's Jewellery Shop.
 16135 | Orc:2    | Found Leelan's Assorted Antiques.
 16139 | Orc:2    | Found Rynoamy's Assorted Antiques.
 16147 | Orc:2    | Bought a slimy hat for 243 gold pieces
 16147 | Orc:2    | Identified the +1 hat of the Festooned God {rC- Will+ Int+3
                  | Stlth+} (You bought it in a shop on level 2 of the Orcish
                  | Mines)
 16564 | Lair:1   | Entered Level 1 of the Lair of Beasts
 16582 | Lair:1   | Reached skill level 10 in Invocations
 16657 | Lair:1   | Noticed Joseph
 16666 | Lair:1   | Killed Joseph
 17566 | Lair:2   | Found a staircase to the Shoals.
 17725 | Lair:2   | You pick up a book of Vapours and begin reading...
 17779 | Lair:2   | Found a runed translucent door.
 17780 | Lair:2   | Noticed Taurus's ghost (novice MiFi)
 17831 | Lair:2   | Gastronok the Ponderous comes into view. He is wearing the
                  | +3 hat of Pondering {ponderous, Will+ MP+10 Int+5}.
 17831 | Lair:2   | Noticed Gastronok
 17842 | Lair:2   | Killed Gastronok
 18175 | D:1      | Bought the +1 pair of boots "Faotaet" {-Tele MP+9 Int+9}
                  | for 487 gold pieces
 18458 | Orc:2    | Bought an amulet of guardian spirit for 390 gold pieces
 18704 | Lair:3   | Reached skill level 10 in Spellcasting
 18741 | Lair:3   | Found a blossoming altar of Fedhas.
 18793 | Lair:3   | Reached skill level 8 in Conjurations
 18793 | Lair:3   | Reached skill level 8 in Hexes
 18793 | Lair:3   | Reached skill level 8 in Summonings
 18793 | Lair:3   | Reached skill level 8 in Necromancy
 18793 | Lair:3   | Reached skill level 8 in Translocations
 18793 | Lair:3   | Reached skill level 8 in Transmutations
 18793 | Lair:3   | Reached skill level 8 in Fire Magic
 18793 | Lair:3   | Reached skill level 8 in Ice Magic
 18793 | Lair:3   | Reached skill level 8 in Air Magic
 18793 | Lair:3   | Reached skill level 8 in Earth Magic
 18793 | Lair:3   | Reached skill level 8 in Poison Magic
 18866 | Lair:3   | Bought the +2 cloak "Dualidghu" {MP+9 Str+3 Int-5} for 687
                  | gold pieces
 19106 | Lair:3   | Lost mutation: Your mind is acute. (Int +2) [potion of
                  | mutation]
 19106 | Lair:3   | Lost mutation: You have a pair of small horns on your head.
                  | [potion of mutation]
 19106 | Lair:3   | Gained mutation: Your spells are a little harder to cast,
                  | but a little more powerful. [potion of mutation]
 19106 | Lair:3   | Gained mutation: Your mind is acute. (Int +2) [potion of
                  | mutation]
 19106 | Lair:3   | Gained mutation: You tend to lose your temper in combat.
                  | [potion of mutation]
 19106 | Lair:3   | Gained mutation: You passively map a small area around you.
                  | [potion of mutation]
 19258 | Lair:3   | Reached skill level 10 in Fighting
 19643 | Lair:4   | Found a hole to the Spider Nest.
 19738 | Lair:4   | Reached XP level 15. HP: 104/115 MP: 29/29
 20814 | Lair:5   | Reached skill level 11 in Bows
 20814 | Lair:5   | Reached skill level 11 in Armour
 20814 | Lair:5   | Reached skill level 11 in Unarmed Combat
 20814 | Lair:5   | Reached skill level 11 in Evocations
 20822 | Lair:5   | You pick up a book of Burglary and begin reading...
 20822 | Lair:5   | You add the spells Passwall, Ensorcelled Hibernation and
                  | Swiftness to your library.
 20831 | Lair:5   | Reached skill level 10 in Short Blades
 20831 | Lair:5   | Reached skill level 10 in Long Blades
 20831 | Lair:5   | Reached skill level 10 in Axes
 20831 | Lair:5   | Reached skill level 10 in Maces & Flails
 20831 | Lair:5   | Reached skill level 10 in Polearms
 20831 | Lair:5   | Reached skill level 10 in Staves
 20831 | Lair:5   | Reached skill level 10 in Slings
 20831 | Lair:5   | Reached skill level 10 in Crossbows
 20831 | Lair:5   | Reached skill level 10 in Throwing
 20831 | Lair:5   | Reached skill level 10 in Dodging
 20831 | Lair:5   | Reached skill level 10 in Stealth
 20831 | Lair:5   | Reached skill level 10 in Shields
 21351 | Lair:5   | You pick up a book of Power and begin reading...
 21351 | Lair:5   | You add the spells Iskenderun's Battlesphere, Iron Shot and
                  | Spellforged Servitor to your library.
 21652 | Lair:6   | Entered Level 6 of the Lair of Beasts
 21671 | Lair:6   | Reached skill level 11 in Invocations
 22132 | Lair:6   | Noticed Urug
 22146 | Lair:6   | Killed Urug
 22410 | Lair:6   | h - a +5 double sword of holy wrath {longrare=g}
 22465 | Lair:6   | Found a viscous altar of Jiyva.
 22466 | Lair:6   | Found a staircase to the Slime Pits.
 22669 | Lair:6   | You pick up a book of Geomancy and begin reading...
 22669 | Lair:6   | You add the spells Sandblast and Stone Arrow to your
                  | library.
 22989 | Lair:6   | HP: 29/117 [polar bear (3)]
 23442 | Lair:6   | You drop a +5 double sword of holy wrath {longrare=g}.
 23445 | Lair:6   | Lost mutation: Your spells are a little harder to cast, but
                  | a little more powerful. [potion of mutation]
 23445 | Lair:6   | Lost mutation: Your mind is acute. (Int +2) [potion of
                  | mutation]
 23445 | Lair:6   | Gained mutation: You have hidden genetic potential. [potion
                  | of mutation]
 23445 | Lair:6   | Gained mutation: You have large cloven feet. [potion of
                  | mutation]
 23445 | Lair:6   | Gained mutation: You are agile. (Dex +2) [potion of
                  | mutation]
 23446 | Lair:6   | Lost mutation: You have hidden genetic potential. [potion
                  | of mutation]
 23446 | Lair:6   | Lost mutation: You passively map a small area around you.
                  | [potion of mutation]
 23446 | Lair:6   | Lost mutation: You have large cloven feet. [potion of
                  | mutation]
 23446 | Lair:6   | Gained mutation: You expend magic power (3 MP) to
                  | strengthen your wands. [potion of mutation]
 23446 | Lair:6   | Gained mutation: You are weak. (Str -2) [potion of
                  | mutation]
 23446 | Lair:6   | Gained mutation: You have a pair of small antennae on your
                  | head. [potion of mutation]
 23718 | Lair:6   | HP: 21/117 [fire dragon/blast of flame (26)]
 23725 | Lair:6   | HP: 21/175 [fire dragon/blast of flame (25)]
 23728 | Lair:6   | Reached XP level 16. HP: 17/124 MP: 8/30
 24476 | D:15     | Entered Level 15 of the Dungeon
 24558 | D:15     | You pick up a book of Chaos and begin reading...
 24558 | D:15     | You add the spells Conjure Ball Lightning, Disjunction and
                  | Discord to your library.
 24616 | D:15     | Reached skill level 11 in Spellcasting
 24796 | D:15     | Reached skill level 11 in Fighting
 25076 | D:15     | Reached skill level 9 in Conjurations
 25076 | D:15     | Reached skill level 9 in Hexes
 25076 | D:15     | Reached skill level 9 in Summonings
 25076 | D:15     | Reached skill level 9 in Necromancy
 25076 | D:15     | Reached skill level 9 in Translocations
 25076 | D:15     | Reached skill level 9 in Transmutations
 25076 | D:15     | Reached skill level 9 in Fire Magic
 25076 | D:15     | Reached skill level 9 in Ice Magic
 25076 | D:15     | Reached skill level 9 in Air Magic
 25076 | D:15     | Reached skill level 9 in Earth Magic
 25076 | D:15     | Reached skill level 9 in Poison Magic
 25373 | D:15     | Found a staircase to the Depths.
 25692 | D:15     | You pick up a book of Beasts and begin reading...
 25692 | D:15     | You add the spells Summon Ice Beast, Summon Mana Viper and
                  | Monstrous Menagerie to your library.
 26114 | Elf:1    | Entered Level 1 of the Elven Halls
 26178 | Elf:1    | Identified the +2 longbow of Duty {venom, Stlth+}
 26341 | Elf:1    | HP: 28/125 [fire elemental[a deep elf pyromancer] (9)]
 26350 | Elf:1    | Paralysed by an air elemental for 1 turns
 26352 | Elf:1    | Paralysed by an air elemental for 1 turns
 26355 | Elf:1    | Paralysed by an air elemental for 1 turns
 26361 | Elf:1    | Paralysed by an air elemental for 1 turns
 26365 | Elf:1    | Paralysed by an air elemental for 1 turns
 26671 | Elf:1    | Paralysed by an air elemental for 1 turns
 26731 | Elf:1    | You add the spells Magic Dart and Searing Ray to your
                  | library.
 26731 | Elf:1    | Got Ollaor's Catalogue of Blows and Bruises
 26855 | Elf:1    | Reached skill level 11 in Short Blades
 26855 | Elf:1    | Reached skill level 11 in Long Blades
 26855 | Elf:1    | Reached skill level 11 in Axes
 26855 | Elf:1    | Reached skill level 11 in Maces & Flails
 26855 | Elf:1    | Reached skill level 11 in Polearms
 26855 | Elf:1    | Reached skill level 11 in Staves
 26855 | Elf:1    | Reached skill level 11 in Slings
 26855 | Elf:1    | Reached skill level 11 in Crossbows
 26855 | Elf:1    | Reached skill level 11 in Throwing
 26855 | Elf:1    | Reached skill level 11 in Dodging
 26855 | Elf:1    | Reached skill level 11 in Stealth
 26855 | Elf:1    | Reached skill level 11 in Shields
 26899 | Elf:1    | Found Omoy's Weapon Shoppe.
 26899 | Elf:1    | Found Fuecyhin's Antique Armour Emporium.
 26919 | Elf:1    | Found Ofoh's Armour Shoppe.
 26953 | Elf:1    | Found Ceycahitonn's Armour Emporium.
 27261 | Elf:1    | Reached skill level 12 in Invocations
 27293 | Elf:1    | Reached skill level 12 in Bows
 27293 | Elf:1    | Reached skill level 12 in Armour
 27293 | Elf:1    | Reached skill level 12 in Unarmed Combat
 27293 | Elf:1    | Reached skill level 12 in Evocations
 27506 | Elf:2    | HP: 28/126 [deep elf knight/shard of ice (19)]
 28292 | Elf:2    | You pick up a book of Burglary and begin reading...
 28424 | Elf:2    | Reached XP level 17. HP: 132/132 MP: 32/32
 28797 | Elf:2    | Found a huge runed translucent gate.
 28797 | Elf:2    | Found a huge runed translucent gate.
 28797 | Elf:2    | Found a huge runed translucent gate.
 28797 | Elf:2    | Found a huge runed translucent gate.
 28799 | Elf:2    | Found a huge runed translucent gate.
 29451 | Elf:2    | Reached skill level 12 in Spellcasting
 29947 | Elf:3    | Entered Level 3 of the Elven Halls
 29982 | Elf:3    | Reached skill level 12 in Fighting
 30292 | Elf:3    | You pick up a book of Callings and begin reading...
 30292 | Elf:3    | You add the spells Call Canine Familiar and Summon Guardian
                  | Golem to your library.
 30686 | Elf:3    | Noticed a deep elf master archer
 30704 | Elf:3    | Noticed an Ice Fiend
 30704 | Elf:3    | Killed a deep elf master archer
 30705 | Elf:3    | Reached skill level 10 in Conjurations
 30705 | Elf:3    | Reached skill level 10 in Hexes
 30705 | Elf:3    | Reached skill level 10 in Summonings
 30705 | Elf:3    | Reached skill level 10 in Necromancy
 30705 | Elf:3    | Reached skill level 10 in Translocations
 30705 | Elf:3    | Reached skill level 10 in Transmutations
 30705 | Elf:3    | Reached skill level 10 in Fire Magic
 30705 | Elf:3    | Reached skill level 10 in Ice Magic
 30705 | Elf:3    | Reached skill level 10 in Air Magic
 30705 | Elf:3    | Reached skill level 10 in Earth Magic
 30705 | Elf:3    | Reached skill level 10 in Poison Magic
 30714 | Elf:3    | Noticed a Brimstone Fiend
 30715 | Elf:3    | Noticed a deep elf blademaster
 30725 | Elf:3    | Noticed a deep elf master archer
 30744 | Elf:3    | HP: 30/133 [+5 battleaxe of flaming[a deep elf
                  | demonologist] (9)]
 30747 | Elf:3    | HP: 4/133 [deep elf knight/shard of ice[a deep elf
                  | demonologist] (18)]
 30750 | Elf:3    | HP: 1/133 [+5 battleaxe of flaming[a deep elf demonologist]
                  | (3)]
 30755 | Elf:3    | Demolished by a +5 battleaxe of flaming

Vanquished Creatures
  A deep elf master archer (Elf:3)
  Gastronok (Lair:2)
  5 deep elf sorcerers
  4 deep elf elementalists
  A deep elf demonologist (Elf:3)
  Nessos (D:12)
  4 deep elf annihilators
  2 deep elf death magi
  A fire dragon (Lair:6)
  A deep elf high priest (Elf:3)
  2 ice dragons (D:15)
  A rakshasa (D:14)
  5 boulder beetles
  4 hydras
  Erica (D:8)
  An alligator (Lair:6)
  7 centaur warriors
  7 two-headed ogres
  Urug (Lair:6)
  3 death yaks (Lair:5)
  5 orc high priests (Orc:2)
  Sonja (D:12)
  15 deep elf knights
  Nergalle (D:10)
  Lodul (D:14)
  5 skeletal warriors (D:12)
  A fire crab (shapeshifter) (D:13)
  A swamp dragon (Lair:6)
  An orc knight (D:10)
  A lindwurm (Lair:4)
  7 deep elf archers
  2 wizards (Elf:3)
  A necromancer (D:13)
  A cyclops (shapeshifter) (D:14)
  8 ugly things
  33 deep elf pyromancers
  34 deep elf zephyrmancers
  3 oklob plants (D:11)
  4 orc sorcerers
  6 manticores
  4 cyclopes
  3 merfolk sirens (Lair:2)
  17 elephants
  4 black mambas
  Joseph (Lair:1)
  A torpor snail (Lair:4)
  14 cane toads
  4 unseen horrors
  3 rime drakes
  A kobold demonologist (D:10)
  A freezing wraith (D:15)
  An efreet (D:14)
  9 komodo dragons
  A merfolk (Lair:2)
  5 trolls
  13 polar bears
  6 blink frogs
  5 dream sheep (Lair:6)
  Sigmund (D:2)
  2 air elementals (Elf:1)
  A centaur simulacrum (D:14)
  3 culicivoras (Lair:4)
  5 wraiths
  A shadow (D:12)
  A water elemental (D:12)
  5 wyverns
  46 yaks
  14 basilisks
  13 vampire mosquitoes
  4 fire elementals
  2 steam dragons
  Menkaure (D:4)
  8 wargs
  5 acid dragons
  17 water moccasins
  15 hell hounds (Lair:6)
  A swamp drake (Lair:6)
  32 orc warriors
  12 ogres
  A sky beast (D:7)
  14 black bears
  A boggart (Elf:3)
  26 wolves
  5 centaurs
  4 kobold brigands
  13 bullfrogs
  2 necrophages (D:5)
  13 gnoll sergeants
  5 earth elementals
  2 scorpions
  6 killer bees (D:9)
  2 howler monkeys
  9 electric eels
  11 gnoll shamans
  6 hounds
  2 jellies
  22 orc priests
  2 hell rats (Lair:3)
  5 iguanas
  Natasha (thrice) (D:3)
  22 orc wizards
  Robin (D:3)
  8 adders
  41 gnolls
  6 river rats (Lair:3)
  A white imp (D:5)
  An ufetubus (D:5)
  A worm (D:2)
  5 dart slugs
  85 orcs
  7 endoplasms
  3 giant cockroaches
  14 goblins
  14 hobgoblins
  7 jackals
  11 kobolds
  5 quokkas
  8 ball pythons
  5 bats
  A frilled lizard (D:2)
  5 rats
  A butterfly (Lair:3)
872 creatures vanquished.

Vanquished Creatures (collateral kills)
  A blink frog (Lair:6)
  2 basilisks (Lair:6)
  5 yaks (Lair:6)
  A gnoll shaman (D:5)
  2 gnolls (D:5)
  A worm (D:5)
12 creatures vanquished.

Vanquished Creatures (others)
  20 dancing weapons
  A deep elf pyromancer (Elf:3)
  A deep elf zephyrmancer (Elf:1)
  A rime drake (Lair:6)
  An orc wizard (Orc:2)
  17 fungi
  82 plants
123 creatures vanquished.

Grand Total: 1007 creatures vanquished

Table legend:
 A = Non-vault XP
 B = Vault XP
 C = Vault XP percentage of total XP
 D = Non-vault monster count
 E = Vault monster count
 F = Vault count percentage of total count
                 A         B        C        D         E       F
            +---------+---------+-------+---------+---------+-------
      Total |  133757 |   97438 |  42.1 |     561 |     344 |  38.0
            +---------+---------+-------+---------+---------+-------
        D:1 |      52 |       0 |   0.0 |      25 |       0 |   0.0
        D:2 |      46 |     248 |  84.4 |      19 |       6 |  24.0
        D:3 |     107 |      69 |  39.2 |      10 |      11 |  52.4
        D:4 |     236 |     169 |  41.7 |      25 |       1 |   3.8
        D:5 |     793 |       0 |   0.0 |      27 |       0 |   0.0
        D:6 |     446 |       0 |   0.0 |      14 |       0 |   0.0
        D:7 |     227 |       0 |   0.0 |       9 |       0 |   0.0
        D:8 |    1841 |     826 |  31.0 |      27 |       1 |   3.6
        D:9 |    2751 |    3506 |  56.0 |      16 |       6 |  27.3
       D:10 |    2106 |    1755 |  45.5 |      16 |      17 |  51.5
       D:11 |    3116 |    3391 |  52.1 |       9 |      23 |  71.9
       D:12 |    8998 |    1799 |  16.7 |      25 |       2 |   7.4
       D:13 |    4999 |    2810 |  36.0 |      12 |      23 |  65.7
       D:14 |    9416 |    1492 |  13.7 |      18 |       7 |  28.0
       D:15 |    7552 |    1734 |  18.7 |      17 |       2 |  10.5
     Lair:1 |    6841 |     549 |   7.4 |      24 |       2 |   7.7
     Lair:2 |    2557 |    3259 |  56.0 |      13 |       5 |  27.8
     Lair:3 |    3824 |     240 |   5.9 |      18 |      10 |  35.7
     Lair:4 |   13392 |     677 |   4.8 |      34 |       3 |   8.1
     Lair:5 |    5812 |     283 |   4.6 |      19 |       2 |   9.5
     Lair:6 |   12614 |   15603 |  55.3 |      45 |      75 |  62.5
      Orc:1 |    2013 |     325 |  13.9 |      36 |       7 |  16.3
      Orc:2 |    3733 |    5184 |  58.1 |      36 |      33 |  47.8
      Elf:1 |   20321 |    5663 |  21.8 |      33 |      10 |  23.3
      Elf:2 |   14387 |   27611 |  65.7 |      24 |      41 |  63.1
      Elf:3 |    5577 |   18224 |  76.6 |      10 |      21 |  67.7
     Bailey |       0 |    2021 | 100.0 |       0 |      36 | 100.0
            +---------+---------+-------+---------+---------+-------

Illustrated notes

Table legend:
 A = Kills in this place as a percentage of kills in entire the game.
 B = Kills by you in this place as a percentage of kills by you in the entire game.
 C = Kills by friends in this place as a percentage of kills by friends in the entire game.
 D = Other kills in this place as a percentage of other kills in the entire game.
 E = Experience gained in this place as a percentage of experience gained in the entire game.
 F = Experience gained in this place divided by the number of levels of this place that you have seen.
                   A       B       C       D       E      F
               +-------+-------+-------+-------+-------+----------------------
         Total | 100.0 | 100.0 | 100.0 | 100.0 | 100.0 | 8257.0
       Dungeon |  40.7 |  41.8 |  33.3 |   0.0 |  26.2 | 4032.3
          Lair |  27.6 |  27.7 |  66.7 |   4.5 |  28.4 | 10941.8
  Orcish Mines |  12.4 |  12.9 |   0.0 |   0.0 |   4.9 | 5627.5
   Elven Halls |  15.4 |  13.5 |   0.0 |  95.5 |  39.7 | 30594.3
        Bailey |   4.0 |   4.1 |   0.0 |   0.0 |   0.9 | 2021.0
               +-------+-------+-------+-------+-------+----------------------

Table legend: (Time is in decaauts)
 A = Elapsed time spent in this place.
 B = Non-inter-level travel time spent in this place.
 C = Inter-level travel time spent in this place.
 D = Time resting spent in this place.
 E = Time spent auto-exploring this place.
 F = Levels seen in this place.
 G = Mean time per level.
                   A        B        C        D        E       F      G
               +--------+--------+--------+--------+--------+-----+--------+
         Total |  32324 |  28789 |   3535 |   2323 |  20423 |  28 | 1154.4 |
       Dungeon |  17117 |  14396 |   2721 |    375 |  11290 |  15 | 1141.1 |
        Temple |     81 |     68 |     13 |      0 |     58 |   1 |   81.0 |
          Lair |   7833 |   7455 |    378 |    367 |   5580 |   6 | 1305.5 |
  Orcish Mines |   1946 |   1738 |    208 |    455 |    712 |   2 |  973.0 |
   Elven Halls |   4727 |   4514 |    213 |   1003 |   2566 |   3 | 1575.7 |
        Bailey |    619 |    619 |      0 |    121 |    215 |   1 |  619.0 |
               +--------+--------+--------+--------+--------+-----+--------+

Top non-repeatable levels by time:
  Lair:6: 2872 daAuts
   Elf:2: 1983 daAuts
   Elf:1: 1877 daAuts
    D:15: 1593 daAuts
     D:1: 1408 daAuts
    D:11: 1347 daAuts
    D:12: 1339 daAuts
     D:4: 1306 daAuts
  Lair:4: 1305 daAuts
     D:5: 1261 daAuts
    D:10: 1217 daAuts
     D:8: 1176 daAuts
  Lair:1: 1111 daAuts
  Lair:3: 1107 daAuts
   Orc:2: 1083 daAuts
